 Dungeon Crawl Stone Soup version 0.29-a0-838-g385bb11a5b (webtiles) character file.

Game seed: 8231048153149069965

28 Zonian the Chiller (level 3, -1/24 HPs)
             Began as a Demonspawn Ice Elementalist on July 14, 2022.
             Succumbed to Crazy Yiuf's poison
             ... on level 2 of the Dungeon.
             The game lasted 00:03:34 (1581 turns).

Zonian the Chiller (Demonspawn Ice Elementalist)    Turns: 1581, Time: 00:03:35

Health: -1/24      AC:  4    Str:  8    XL:     3   Next: 0%
Magic:  5/6        EV: 12    Int: 16    God:
Gold:   60         SH:  0    Dex: 15    Spells: 5/6 levels left

rFire   . . .      SeeInvis .   f - +0 short sword
rCold   . . .      Faith    .   (no shield)
rNeg    . . .      Spirit   .   c - +2 robe {Archmagi}
rPois   .          Reflect  .   (no helmet)
rElec   .          Harm     .   (no cloak)
rCorr   .          Rampage  .   (no gloves)
Will    .....      Archmagi +   (no boots)
Stlth   ++........              (no amulet)
HPRegen 0.08/turn               (no ring)
MPRegen 0.10/turn               (no ring)

@: brilliant, lethally poisoned (-1 -> -20)
A: claws 1, demonic guardian 1
a: no special abilities


You were on level 2 of the Dungeon.
You visited 1 branch of the dungeon, and saw 2 of its levels.

You collected 60 gold pieces.

Inventory:

Hand Weapons
 d - a +0 flail
 f - a +0 short sword (weapon)
 j - a +0 spear
Armour
 a - a +0 robe
 c - a +2 robe of the Archmagi (worn)
Scrolls
 g - a scroll of poison {unknown}
 h - a scroll of identify {unknown}
 i - a scroll of enchant weapon {unknown}
Potions
 b - a potion of magic


   Skills:
 + Level 2.2 Dodging
 + Level 2.2 Stealth
 + Level 2.3 Spellcasting
 + Level 3.8 Ice Magic


You had 5 spell levels left.
You knew the following spells:

 Your Spells              Type           Power      Damage    Failure   Level
a - Freeze                Ice            100%       1d11      4%          1

Your spell library contained the following spells:

 Spells                   Type           Power      Damage    Failure   Level
 Frozen Ramparts          Ice            64%        1d8       12%         3
 Ozocubu's Armour         Ice            32%        N/A       12%         3
 Hailstorm                Conj/Ice       18%        3d6       65%         4


Dungeon Overview and Level Annotations

Branches:
Dungeon (2/15)

Altars:

Annotations:
D:2 Crazy Yiuf, Terence


Innate Abilities, Weirdness & Mutations

You have sharp fingernails.
A weak demonic guardian rushes to your aid.


Message History

You hit the fungus.
The fungus is lightly damaged.
A nearby fungus withers and dies.
Found a scroll labelled XATARI LIQIHO.
You hit the fungus but do no damage. You hit the fungus.
The fungus begins to die.
The fungus is lightly damaged.
You hit the fungus.
The fungus is lightly damaged.
You hit the fungus.
The fungus is lightly damaged.
You hit the fungus.
The fungus is lightly damaged.
You hit the fungus but do no damage.
The fungus is lightly damaged.
A nearby fungus withers and dies.
Found a glowing hammer.
Found a runed translucent door.
Unknown command.
Unknown command.
You open the door.
Crazy Yiuf shouts!
Unknown command.
You aren't carrying any items that you can evoke.
Unknown command.
Okay, then.
You feel a surge of power!
You freeze Crazy Yiuf!
Crazy Yiuf is heavily wounded.
Crazy Yiuf hits you with a +2 quarterstaff of chaos!
Ouch! That really hurt!
* * * LOW HITPOINT WARNING * * *
A demonic guardian appears!
You are lethally poisoned!
It was a potion of cancellation.
You feel magically purged.
* * * LOW HITPOINT WARNING * * *
You feel very sick.
Crazy Yiuf drinks a potion.
Crazy Yiuf flickers and vanishes!
Deactivating autopickup; reactivate with Ctrl-A.
It was a potion of brilliance.
You feel clever all of a sudden.
You die...

# #.......##...#
##
#####....#####.##
.#####.....##..#
#.#
.##....#########
### . ..#.# ..
#...###### ####(.
.........# ###
♣♣###...?
....###### #)..#♣♣
♣P#...# ..#..#
#...{@♣♣♣♣♣P....#
####.#
#...#♣5.♣.......##
# #<## ###
♣♣♣.♣.P#....####.
####..####
♣♣♣♣♣##....†...
.........#
#...####.
######...# ##
#######...# #
#..####...
#....#....# #
#..#....#
#....#...## #
####....#
#....#.#.#


You could see a friendly iron imp (summoned).

Vanquished Creatures
  A worm (D:2)
  2 ball pythons (D:2)
  2 endoplasms
  A goblin (D:1)
  3 hobgoblins
  5 jackals
  2 quokkas
  2 kobolds (D:1)
  4 rats
22 creatures vanquished.

Vanquished Creatures (others)
  2 fungi (D:2)
2 creatures vanquished.

Grand Total: 24 creatures vanquished

Notes
Turn   | Place    | Note
-------+----------+-------------------------------------------
     0 | D:1      | Zonian the Demonspawn Ice Elementalist began the quest for
                  | the Orb.
     0 | D:1      | Reached XP level 1. HP: 13/13 MP: 3/3
   666 | D:1      | Gained mutation: A weak demonic guardian rushes to your
                  | aid. [demonic ancestry]
   666 | D:1      | Reached XP level 2. HP: 19/19 MP: 5/5
  1457 | D:2      | Noticed Terence
  1550 | D:2      | Gained mutation: You have sharp fingernails. [demonic
                  | ancestry]
  1550 | D:2      | Reached XP level 3. HP: 19/24 MP: 4/6
  1572 | D:2      | Found a runed translucent door.
  1573 | D:2      | Noticed Crazy Yiuf
  1581 | D:2      | Succumbed to Crazy Yiuf's poison

Illustrated notes

Levels and vault maps discovered:
D:1:      nicolae_arrival_washed_ashore, layout_basic
D:2:      layout_rooms, uniq_terence, uniq_crazy_yiuf_cottage

Skill      XL: |  1 |
---------------+----+-----
Stealth        | 2 |  2.2
Dodging        | 2 |  2.2
Spellcasting   | |  2.3
Ice Magic      | |  3.8

Action                   || total
-------------------------++-------
Melee: Flail             ||    14
       Short sword       ||    29
 Cast: Freeze            ||    26
  Use: Potion            ||     2
 Stab: Sleeping          ||     3
Armor: Robe              ||    16
Dodge: Dodged            ||    32

Table legend: (Time is in decaauts)
 A = Elapsed time spent in this place.
 B = Non-inter-level travel time spent in this place.
 C = Inter-level travel time spent in this place.
 D = Time resting spent in this place.
 E = Time spent auto-exploring this place.
 F = Levels seen in this place.
 G = Mean time per level.
                   A        B        C        D        E       F      G
               +--------+--------+--------+--------+--------+-----+--------+
         Total |   1589 |   1534 |     55 |    513 |    650 |   2 |  794.5 |
       Dungeon |   1589 |   1534 |     55 |    513 |    650 |   2 |  794.5 |
               +--------+--------+--------+--------+--------+-----+--------+

Top non-repeatable levels by time:
     D:1: 1287 daAuts
     D:2: 302 daAuts
